[Event "ICC tourney 2000 (30 10)"]
[Site "Internet Chess Club"]
[Date "2020.09.12"]
[Round "5"]
[White "bonnelleo1"]
[Black "ramennoodle"]
[Result "1/2-1/2"]
[ICCResult "Game drawn by mutual agreement"]
[WhiteElo "1912"]
[BlackElo "1914"]
[Opening "King's Indian: London system"]
[ECO "A48"]
[NIC "QP.03"]
[Time "19:02:09"]
[TimeControl "1800+10"]

1. d4 Nf6 2. Nf3 g6 3. Bf4 Bg7 4. e3 d5 5. h3 O-O 6. Be2 c5 7. c3 b6 8. O-O
Bb7 9. Nbd2 Nbd7 10. Ne5 Nxe5 11. Bxe5 Ne4 12. Bxg7 Kxg7 13. Nxe4 dxe4 14.
dxc5 bxc5 15. Qa4 Qc7 16. Rfd1 Bc6 17. Qc4 Rab8 18. Qxc5 Rxb2 19. Bc4 Rb6
20. Bd5 Rc8 21. Qd4+ e5 22. Qxe4 Bxd5 23. Qxd5 Qxc3 24. Rab1 Rxb1 25. Rxb1
Qc5 26. Rb5 Qxd5 27. Rxd5 Kf6 28. Ra5 Rc7 29. Kf1 Kf5 30. Ke2 h5 31. f4 f6
32. Kf3 g5 33. g4+ hxg4+ 34. hxg4+ Ke6 35. fxe5 fxe5 36. Ra6+ Kd5 37. e4+
Kd4 38. Rd6+ Kc4 39. Rg6 Kd4 40. Rd6+ Kc4 41. Rd5 Rc5 42. Rd7 Ra5 43. Rd2
Kc3 44. Rd5 Rxa2 45. Rxe5 a5 46. Rxg5 Ra1 47. e5 Re1 48. Kf4 a4 49. Rg8 a3
50. Ra8 Kb2 51. Kf5 a2 52. Rxa2+ Kxa2 53. e6 Kb3 54. Kf6 Kc4 55. e7 Kd5 56.
Kf7 Rxe7+ 57. Kxe7 Ke5 {Game drawn by mutual agreement} 1/2-1/2

[Event "ICC tourney 2000 (30 10)"]
[Site "Internet Chess Club"]
[Date "2020.09.12"]
[Round "5"]
[White "SparkyNinja"]
[Black "jchanson"]
[Result "1/2-1/2"]
[ICCResult "Black stalemated"]
[WhiteElo "1502"]
[BlackElo "1927"]
[Opening "Sicilian: accelerated fianchetto, modern variation with Bc4"]
[ECO "B35"]
[NIC "SI.33"]
[Time "19:02:12"]
[TimeControl "1800+10"]

1. e4 c5 2. Nf3 Nc6 3. d4 cxd4 4. Nxd4 g6 5. Be3 Bg7 6. Nc3 Nf6 7. Bc4 O-O
8. Qd2 Ng4 9. Nxc6 dxc6 10. Rd1 Qxd2+ 11. Bxd2 Bd4 12. O-O b5 13. Bb3 b4 14.
Ne2 Bxb2 15. Bxb4 Ba6 16. Rfe1 Rfd8 17. Ng3 Bd4 18. Rxd4 Rxd4 19. Bc3 Rd7
20. e5 e6 21. h3 Nh6 22. Ne4 Kg7 23. Nc5 Rad8 24. Nxa6 Rd1 25. Kf1 Nf5 26.
Rxd1 Rxd1+ 27. Ke2 Rg1 28. g3 Rh1 29. h4 Rh3 30. Nc5 Nxh4 31. Ne4 Nf5 32.
Nd6 c5 33. Nxf5+ gxf5 34. Bd2 h5 35. Be3 h4 36. gxh4 Rxh4 37. Bxc5 a5 38.
Bd6 a4 39. c4 axb3 40. axb3 f6 41. f4 Rh2+ 42. Kd3 Rh3+ 43. Kc2 fxe5 44.
Bxe5+ Kf7 45. b4 Ke7 46. c5 Rh2+ 47. Kb3 Re2 48. Bd6+ Kd7 49. b5 Re3+ 50.
Kb4 Re4+ 51. Ka5 e5 52. fxe5 f4 53. c6+ Ke6 54. c7 Kd7 55. b6 Re1 56. b7
Ra1+ 57. Kb6 Rb1+ 58. Ka7 Ra1+ 59. Kb8 Ke6 60. c8=Q+ Kd5 61. Qf5 Ra4 62. Kc7
Rc4+ 63. Kd7 f3 64. Qxf3+ Kd4 65. b8=Q Rc7+ 66. Qxc7 {Black stalemated}
1/2-1/2

[Event "ICC tourney 2000 (30 10)"]
[Site "Internet Chess Club"]
[Date "2020.09.12"]
[Round "6"]
[White "Mapking1"]
[Black "challenger2010"]
[Result "0-1"]
[ICCResult "White checkmated"]
[WhiteElo "1673"]
[BlackElo "1957"]
[Opening "Sicilian: dragon, Yugoslav attack, 10.O-O-O"]
[ECO "B78"]
[NIC "SI.18"]
[Time "21:01:23"]
[TimeControl "1800+10"]

1. e4 c5 2. Nf3 d6 3. d4 cxd4 4. Nxd4 Nf6 5. Nc3 g6 6. Be3 Bg7 7. f3 O-O 8.
Bc4 Nc6 9. Qd2 Bd7 10. O-O-O Qb8 11. Kb1 Rc8 12. Bb3 a5 13. a4 Nxd4 14. Bxd4
b5 15. axb5 Bxb5 16. Nd5 Nxd5 17. Bxg7 Kxg7 18. Bxd5 Ra6 19. h3 Rb6 20. f4
Be2 21. Qd4+ e5 22. fxe5 Rb4 23. Qf2 Rxb2+ 24. Ka1 f5 25. exf5 Qb4 26. Qe3
Rc3 27. f6+ Kh8 28. Ba2 Rxe3 29. f7 Rxa2+ 30. Kxa2 Ra3# {White checkmated}
0-1

[Event "ICC tourney 2000 (30 10)"]
[Site "Internet Chess Club"]
[Date "2020.09.12"]
[Round "6"]
[White "marinaxiao"]
[Black "happyscientist"]
[Result "1-0"]
[ICCResult "Black resigns"]
[WhiteElo "1426"]
[BlackElo "1696"]
[Opening "Giuoco Piano"]
[ECO "C54"]
[NIC "IG.02"]
[Time "21:01:23"]
[TimeControl "1800+10"]

1. e4 e5 2. Nf3 Nc6 3. Bc4 Bc5 4. c3 Nf6 5. d3 d6 6. b4 Bb6 7. Bg5 h6 8. Bh4
O-O 9. O-O Be6 10. Nbd2 a6 11. Re1 Qe7 12. Bb3 Rad8 13. a4 Bxb3 14. Nxb3 Qe6
15. Rb1 d5 16. exd5 Rxd5 17. c4 Rd7 18. b5 axb5 19. cxb5 Nd4 20. Nxe5 Re7
21. Nxd4 Bxd4 22. Nf3 {Black resigns} 1-0

[Event "ICC tourney 2000 (30 10)"]
[Site "Internet Chess Club"]
[Date "2020.09.12"]
[Round "6"]
[White "che8642"]
[Black "michaelxiao"]
[Result "1-0"]
[ICCResult "Black resigns"]
[WhiteElo "1480"]
[BlackElo "1352"]
[Opening "Queen's pawn: Chigorin variation"]
[ECO "D00"]
[NIC "QP.08"]
[Time "21:01:28"]
[TimeControl "1800+10"]

1. d4 d5 2. Nc3 Nf6 3. Bf4 e6 4. a3 Bd6 5. Bg3 Bxg3 6. hxg3 b6 7. e3 Bb7 8.
Bd3 c5 9. b3 Nbd7 10. Nf3 Rc8 11. Nb5 Qe7 12. Nxa7 Ra8 13. Nb5 O-O 14. g4
Ba6 15. g5 Ne4 16. Nc7 Bxd3 17. Nxa8 Ba6 18. Nc7 Bb7 19. Nb5 Nxg5 20. Nxg5
Qxg5 21. Qd3 Nf6 22. O-O-O Rc8 23. Nd6 Rc7 24. Nxb7 Rxb7 25. Qa6 Rb8 26. Qa7
Rf8 27. Qxb6 cxd4 28. Qxd4 Qxg2 29. Rhg1 Qxf2 30. Rdf1 Qh2 31. Qxf6 g6 32.
Rh1 Qg2 33. Qh4 h5 34. Rfg1 Qe2 35. Qxh5 Qxh5 36. Rxh5 {Black resigns} 1-0

[Event "ICC tourney 2000 (30 10)"]
[Site "Internet Chess Club"]
[Date "2020.09.12"]
[Round "6"]
[White "fascimate"]
[Black "CheddarCheng1"]
[Result "1-0"]
[ICCResult "Black resigns"]
[WhiteElo "1780"]
[BlackElo "1535"]
[Opening "Ruy Lopez: Morphy defense"]
[ECO "C77"]
[NIC "RL.12"]
[Time "21:01:26"]
[TimeControl "1800+10"]

1. e4 e5 2. Nf3 Nc6 3. Bb5 a6 4. Ba4 Nf6 5. d4 b5 6. Bb3 Nxd4 7. Nxd4 exd4
8. Qxd4 c5 9. Qd3 c4 10. Bxc4 bxc4 11. Qxc4 Be7 12. Nc3 O-O 13. e5 d5 14.
Qc6 Bd7 15. Qb7 Ne4 16. Nxd5 Qa5+ 17. b4 Rab8 18. Nxe7+ Kh8 19. Qxb8 Rxb8
20. bxa5 Re8 21. Ba3 Nc3 22. O-O Nb5 23. Bd6 Nxd6 24. exd6 g6 25. c4 Kg7 26.
c5 Kf6 27. c6 Rxe7 28. dxe7 Kxe7 29. cxd7 Kxd7 30. Rfe1 Kc6 31. Rab1
{Black resigns}
1-0

[Event "ICC tourney 2000 (30 10)"]
[Site "Internet Chess Club"]
[Date "2020.09.12"]
[Round "6"]
[White "HeJustin"]
[Black "chesslin"]
[Result "0-1"]
[ICCResult "White checkmated"]
[WhiteElo "1596"]
[BlackElo "1953"]
[Opening "Pirc: classical (two knights) system"]
[ECO "B06"]
[NIC "PU.10"]
[Time "21:01:19"]
[TimeControl "1800+10"]

1. e4 g6 2. d4 Bg7 3. Nf3 d6 4. Nc3 Nf6 5. Bc4 O-O 6. O-O Nc6 7. Bf4 Bg4 8.
d5 Nb8 9. h3 Bxf3 10. Qxf3 Nfd7 11. Rfe1 c6 12. Rad1 a5 13. a4 Ne5 14. Bxe5
Bxe5 15. b3 Nd7 16. Qe3 Qb6 17. Qxb6 Nxb6 18. Ne2 Rac8 19. f4 Bg7 20. dxc6
Nxc4 21. cxb7 Rb8 22. bxc4 Rxb7 23. Rb1 Rc7 24. Rb5 Rxc4 25. Rxa5 Rxe4 26.
Kf2 Rc8 27. Rc1 Bb2 28. Rb1 Rxc2 29. Kf3 Rexe2 30. Ra8+ Kg7 31. a5 f5 32. a6
Bd4 33. Rb3 Rf2+ 34. Kg3 Rxg2+ 35. Kh4 Bf6# {White checkmated} 0-1

[Event "ICC tourney 2000 (30 10)"]
[Site "Internet Chess Club"]
[Date "2020.09.12"]
[Round "6"]
[White "sillytiger"]
[Black "goodcrowdchess"]
[Result "0-1"]
[ICCResult "White resigns"]
[WhiteElo "1332"]
[BlackElo "1684"]
[Opening "English: Bremen, reverse dragon"]
[ECO "A22"]
[NIC "EO.10"]
[Time "21:01:41"]
[TimeControl "1800+10"]

1. c4 e5 2. Nc3 Nf6 3. g3 d5 4. cxd5 Nxd5 5. Bg2 Nb6 6. Nf3 Nc6 7. O-O Be7
8. d3 O-O 9. Bd2 Be6 10. a3 a5 11. Ne1 Qd7 12. e4 Nd4 13. Be3 Rfd8 14. Kh1
Nb3 15. Rb1 Nc4 16. dxc4 Qxd1 17. Rxd1 Bxc4 18. Rg1 b5 19. f4 b4 20. Rxd8+
Rxd8 21. axb4 axb4 22. Nd5 Bd6 23. Nc2 c5 24. Na1 exf4 25. Bxf4 Bxf4 26.
gxf4 Nd2 27. Rd1 Nb3 28. Nxb3 Bxb3 29. Ne7+ Kf8 30. Rxd8+ Kxe7 31. Rc8 c4
32. Rb8 c3 33. Rxb4 c2 34. Rb7+ Kd8 {White resigns} 0-1

[Event "ICC tourney 2000 (30 10)"]
[Site "Internet Chess Club"]
[Date "2020.09.12"]
[Round "6"]
[White "orwind"]
[Black "chessmilano"]
[Result "0-1"]
[ICCResult "White checkmated"]
[WhiteElo "1412"]
[BlackElo "1730"]
[Opening "French: advance, Euwe variation"]
[ECO "C02"]
[NIC "FR.03"]
[Time "21:01:20"]
[TimeControl "1800+10"]

1. e4 e6 2. d4 d5 3. e5 c5 4. c3 Nc6 5. Nf3 Bd7 6. Be2 Nge7 7. O-O Nf5 8. g4
Nh4 9. Nxh4 Qxh4 10. Bf4 Be7 11. Bg3 Qh3 12. Bf3 Qh6 13. Bg2 O-O 14. Na3 a6
15. Nc2 f5 16. exf6 Qxf6 17. h3 Be8 18. Qd2 Bg6 19. dxc5 Bxc5 20. Ne3 Ne5
21. Nxd5 exd5 22. Qxd5+ Kh8 23. Qxc5 Nf3+ 24. Bxf3 Qxf3 25. Qe3 Qc6 26. Rad1
Rae8 27. Be5 Rf3 28. Qd4 Rxh3 29. Bxg7+ Kg8 30. f3 Rxf3 31. Be5 Rh3 32. Qd5+
Qxd5 33. Rxd5 Be4 34. Rd7 Rh1+ 35. Kf2 Rxf1+ 36. Kxf1 Rxe5 37. Kf2 Bc6 38.
Rd8+ Kg7 39. Rd4 Re4 40. Rxe4 Bxe4 41. Ke3 Bc6 42. Kf4 Kg6 43. g5 Bd5 44. a3
Bb3 45. Kg4 a5 46. Kh4 Kf5 47. Kh5 a4 48. Kh6 Bg8 49. Kh5 b5 50. Kh6 Ke4 51.
Kg7 Bc4 52. Kxh7 Kd3 53. g6 Kc2 54. g7 Kxb2 55. g8=Q Bxg8+ 56. Kxg8 Kxc3 57.
Kf7 b4 58. Ke6 b3 59. Kd5 b2 60. Kc5 b1=Q 61. Kd5 Qb3+ 62. Kc5 Qxa3+ 63. Kb5
Qb4+ 64. Kc6 a3 65. Kd5 a2 66. Kc6 a1=Q 67. Kd5 Qaa5+ 68. Kc6 Qbb6+ 69. Kd7
Qaa7+ 70. Kc8 Qbc7# {White checkmated} 0-1

[Event "ICC tourney 2000 (30 10)"]
[Site "Internet Chess Club"]
[Date "2020.09.12"]
[Round "6"]
[White "tortorchess"]
[Black "SparkyNinja"]
[Result "1/2-1/2"]
[ICCResult "Game drawn by repetition"]
[WhiteElo "1475"]
[BlackElo "1494"]
[Opening "Nimzo-Indian: Leningrad variation"]
[ECO "E30"]
[NIC "NI.25"]
[Time "21:01:21"]
[TimeControl "1800+10"]

1. d4 Nf6 2. c4 e6 3. Nc3 Bb4 4. Bg5 h6 5. Bh4 O-O 6. Nf3 b6 7. e3 Bb7 8.
Bd3 Be7 9. O-O d5 10. cxd5 Nxd5 11. Bxe7 Qxe7 12. e4 Nxc3 13. bxc3 Nd7 14.
Re1 c5 15. Rc1 Rac8 16. Qe2 Rfd8 17. h3 Rc7 18. Qd2 Qf8 19. Qe2 Rdc8 20. Qd2
cxd4 21. cxd4 Rxc1 22. Rxc1 Rxc1+ 23. Qxc1 Nf6 24. e5 Nd5 25. a3 Qe8 26. Qc2
Nf4 27. Be4 Qc8 28. Qxc8+ Bxc8 29. Kh2 Ba6 30. Nd2 Ne2 31. d5 exd5 32. Bxd5
Nc3 33. Bb3 Kf8 34. Nc4 Bxc4 35. Bxc4 Nb1 36. a4 Nc3 37. Bb3 Ne4 38. f3 Nc5
39. Bc2 Ke7 40. f4 Ke6 41. Kg3 Kd5 42. Bb1 Nxa4 43. Ba2+ Kc6 44. Bxf7 Nc5
45. f5 a5 46. e6 Kd6 47. Kg4 b5 48. Kh5 a4 49. Kg6 b4 50. Kxg7 b3 51. e7
Kxe7 52. f6+ Kd6 53. Bc4 Nd7 54. f7 b2 55. Ba2 Ke7 56. Kxh6 Ne5 57. g4 Nxf7+
58. Kg7 a3 59. h4 Ne5 60. h5 Nxg4 61. Kg6 Ne5+ 62. Kg7 Ng4 63. Kg6 Ne5+ 64.
Kg7 Ng4 65. Kg6 Ne5+ {Game drawn by repetition} 1/2-1/2

[Event "ICC tourney 2000 (30 10)"]
[Site "Internet Chess Club"]
[Date "2020.09.12"]
[Round "6"]
[White "jchanson"]
[Black "Adityaki05"]
[Result "1-0"]
[ICCResult "Black checkmated"]
[WhiteElo "1964"]
[BlackElo "1429"]
[Opening "English opening"]
[ECO "A10"]
[NIC "EO.64"]
[Time "21:01:33"]
[TimeControl "1800+10"]

1. c4 g6 2. Nc3 Bg7 3. g3 e6 4. Bg2 Ne7 5. e4 c6 6. Nge2 d5 7. exd5 cxd5 8.
cxd5 exd5 9. d4 O-O 10. O-O Nbc6 11. Bg5 Be6 12. Nf4 Qd7 13. Nxe6 fxe6 14.
Bh3 Nxd4 15. Re1 Qd6 16. Bxe7 Qxe7 17. Nxd5 Qc5 18. Rc1 Qa5 19. Bxe6+ Nxe6
20. Rxe6 Qxa2 21. Re7 Rad8 22. Rxg7+ Kxg7 23. Qd4+ Kh6 24. Qh4+ Kg7 25. Rc7+
Rf7 26. Qf6+ Kh6 27. Rxf7 Qb1+ 28. Kg2 Qe4+ 29. Kh3 Rxd5 30. Qg7+ Kg5 31.
f4+ Qxf4 32. gxf4+ Kh5 33. Qxh7# {Black checkmated} 1-0

[Event "ICC tourney 2000 (30 10)"]
[Site "Internet Chess Club"]
[Date "2020.09.12"]
[Round "6"]
[White "AJ2000"]
[Black "chessboy2020"]
[Result "0-1"]
[ICCResult "White forfeits on time"]
[WhiteElo "1696"]
[BlackElo "1529"]
[Opening "Ruy Lopez: closed, Bogolyubov variation"]
[ECO "C91"]
[NIC "RL.20"]
[Time "21:01:26"]
[TimeControl "1800+10"]

1. e4 e5 2. Nf3 Nc6 3. Bb5 a6 4. Ba4 Nf6 5. O-O Be7 6. Re1 b5 7. Bb3 O-O 8.
c3 d6 9. d4 Bg4 10. Be3 exd4 11. cxd4 d5 12. e5 Ne4 13. h3 Bh5 14. Nc3 Nxc3
15. bxc3 Na5 16. Bf4 Nxb3 17. axb3 a5 18. Qd3 c6 19. Nd2 Bg6 20. Qe2 Re8 21.
Be3 Qb6 22. f4 c5 23. Qf2 Bf5 24. dxc5 Qc6 25. Nf3 Bd7 26. b4 a4 27. Nd4 Qa6
28. Red1 f6 29. exf6 Bxf6 30. Rd2 Re4 31. Ra3 Rae8 32. Rd3 Qc8 33. Nf3 Qd8
34. Nd2 R4e6 35. Nf3 Qe7 36. Bd4 Re2 37. Qg3 Bf5 38. Bxf6 Qxf6 39. Rxd5 Qe6
40. Re5 Qd7 41. Rxe2 Rxe2 42. Nd4 Rd2 43. Qe3 Rd3 44. Qe5 Bg6 45. Qb8+ Be8
{White forfeits on time}
0-1

[Event "ICC tourney 2000 (30 10)"]
[Site "Internet Chess Club"]
[Date "2020.09.12"]
[Round "6"]
[White "Zwish"]
[Black "ramennoodle"]
[Result "1/2-1/2"]
[ICCResult "Game drawn because neither player has mating material"]
[WhiteElo "1949"]
[BlackElo "1916"]
[Opening "Anderssen's opening"]
[ECO "A00"]
[NIC "VO.14"]
[Time "21:01:37"]
[TimeControl "1800+10"]

1. a3 d5 2. Nf3 Nf6 3. c4 e6 4. e3 Be7 5. b4 b6 6. cxd5 exd5 7. Bb2 O-O 8.
Be2 c5 9. bxc5 bxc5 10. O-O Ba6 11. Bxa6 Nxa6 12. Nc3 Nc7 13. d4 Ne6 14.
dxc5 Nxc5 15. a4 Nce4 16. Ne2 Rb8 17. Ba3 Bxa3 18. Rxa3 Qe7 19. Rd3 Rb4 20.
Rd4 Rfb8 21. Qa1 h6 22. Nc3 Nxc3 23. Qxc3 Ne4 24. Qc2 Rb2 25. Qc6 Nf6 26. h3
Re2 27. Rd2 Rxd2 28. Nxd2 Rb2 29. Nf3 Qd7 30. Qa8+ Kh7 31. Ne5 Qe6 32. f4
Nd7 33. Qxa7 Nxe5 34. fxe5 Qxe5 35. Rxf7 Re2 36. Rf3 Qb2 37. Rg3 Qa1+ 38.
Kh2 Re1 39. Rg4 Rh1+ 40. Kg3 Qe1+ 41. Kf4 Rf1+ 42. Ke5 Qc3+ 43. Qd4 Qc7+ 44.
Kxd5 Qd7+ 45. Kc5 Rc1+ 46. Kb4 Qf7 47. Qd3+ Kh8 48. Rd4 Qb7+ 49. Qb5 Rb1+
50. Kc5 Rxb5+ 51. axb5 Qxg2 52. b6 Qc2+ 53. Rc4 Qf5+ 54. Kc6 Qe6+ 55. Kb5
Qd7+ 56. Ka6 Qd3 57. Kb5 Qb3+ 58. Rb4 Qd5+ 59. Ka6 Qa2+ 60. Kb5 Qd5+ 61. Ka6
Qa8+ 62. Kb5 Qb7 63. e4 Qd7+ 64. Ka6 Qd6 65. Rb5 Qc6 66. Ka5 Qa8+ 67. Kb4
Qxe4+ 68. Ka5 Qa8+ 69. Kb4 Qb7 70. Ka5 Kh7 71. Rc5 Kg6 72. Rc7 Qd5+ 73. Ka6
Qd3+ 74. Ka7 Qxh3 75. b7 Qa3+ 76. Kb8 h5 77. Rc6+ Kg5 78. Kc8 Qf8+ 79. Kc7
Qe7+ 80. Kb6 Qd8+ 81. Kb5 h4 82. Rc8 Qd3+ 83. Kb6 Qb3+ 84. Kc6 Qc4+ 85. Kb6
Qb4+ 86. Kc6 Qc4+ 87. Kb6 Qb4+ 88. Kc6 Qxb7+ 89. Kxb7 h3 90. Rh8 Kg4 91. Kc6
g5 92. Kd5 Kg3 93. Ke4 h2 94. Rxh2 Kxh2 95. Kf5 g4 96. Kxg4
{Game drawn because neither player has mating material}
1/2-1/2